 Dungeon Crawl Stone Soup version 0.26-a0-1012-gedcf9b2963 (webtiles) character file.

Game seed: 14634937504169038337

293 Boiledbread the Skirmisher (level 6, -5/48 HPs)
             Began as a Demonspawn Abyssal Knight on Dec 7, 2020.
             Was a Priest of Lugonu.
             Slain by Menkaure (8 damage)
             ... on level 4 of the Dungeon.
             The game lasted 00:17:43 (3359 turns).

Boiledbread the Skirmisher (DsAK)                   Turns: 3359, Time: 00:17:44

Health: -5/48      AC:  4    Str: 14    XL:     6   Next: 11%
Magic:  7/7        EV: 12    Int: 14    God:    Lugonu [***...]
Gold:   144        SH:  0    Dex: 12    Spells: 5/5 levels left

rFire    . . .     SeeInvis .   a - +1 short sword
rCold    + . .     Faith    .   (no shield)
rNeg     . . .     Spirit   .   b - +0 leather armour
rPois    .         Reflect  .   n - +0 helmet
rElec    .         Harm     .   (no cloak)
rCorr    .         Rampage  .   (no gloves)
Will     .....                  (no boots)
Stlth    +.........             (no amulet)
HPRegen  0.16/turn              (no ring)
MPRegen  0.10/turn              (no ring)

@: no status effects
A: hooves 1, cold resistance 1, foul stench 1, rot immunity
a: Depart the Abyss, Bend Space, Banish, Renounce Religion


You were on level 4 of the Dungeon.
You worshipped Lugonu.
Lugonu was most pleased with you.
You visited 1 branch of the dungeon, and saw 3 of its levels.
You visited the Abyss 1 time.

You collected 144 gold pieces.

Inventory:

Hand Weapons
 a - a +1 short sword (weapon)
 l - a +0 spear
 o - a cursed -3 scythe
 p - a +2 vampiric hand axe
Missiles
 d - 37 arrows
Armour
 b - a +0 leather armour (worn)
 i - a +0 robe
 m - a +0 animal skin
 n - a +0 helmet (worn)
 q - a +0 chain mail
Jewellery
 c - an uncursed ring of ice
Scrolls
 h - 5 scrolls of identify
 j - a scroll of immolation {unknown}
Potions
 f - a potion of mutation {unknown}
 g - 2 potions of berserk rage {unknown}
 k - a potion of curing


   Skills:
 + Level 4.2 Fighting
 + Level 3.6 Short Blades
 + Level 2.9 Armour
 + Level 2.6 Dodging
 + Level 0.3 Stealth
 + Level 2.6 Invocations


You had 5 spell levels left.
You didn't know any spells.
Your spell library was empty.

Dungeon Overview and Level Annotations

Branches:
Dungeon (2/15)

Altars:

Annotations:
D:4 1 transporter, Menkaure


Innate Abilities, Weirdness & Mutations

You have large cloven feet.
Your flesh is cold resistant. (rC+)
You may emit foul miasma when damaged in melee.
You are immune to rotting.


Message History

Found a shortbow.
You hit Menkaure.
Menkaure is lightly damaged.
You barely miss Menkaure. You kick Menkaure.
Menkaure is moderately damaged.
Menkaure calls on the powers of darkness!
Your body is wracked with pain!
You barely miss Menkaure. You kick Menkaure.
Menkaure is moderately damaged.
Menkaure mumbles some strange words.
Menkaure seems to speed up.
The shadow imp shouts, "Abandon hope, thou odious boil-brained tinkerer!"
You barely miss Menkaure.
Menkaure is moderately damaged.
Menkaure hits you!
* * * LOW HITPOINT WARNING * * *
You hit Menkaure. You kick Menkaure, but do no damage.
Menkaure is heavily damaged.
Menkaure hits you!
You die...

5≈...≈o#)..#
####+####...#
.#P../..P#...#
.#8P.©.P8#...#
#########..(#
...©.......#
#......M..#
#.#).@...#
#.......>##
###........#
#......#.#
#......# #
#......#
#........
##########


You could see Menkaure (fast), an orc priest and a shadow imp.

Vanquished Creatures
  Sigmund (D:2)
  Terence (D:2)
  Robin (D:2)
  An adder (D:1)
  2 worms
  2 leopard geckos (D:1)
  3 ball pythons
  12 giant cockroaches
  14 goblins
  5 hobgoblins
  6 jackals
  3 kobolds (D:1)
  2 quokkas
  5 bats
  3 frilled lizards
  13 rats
74 creatures vanquished.

Notes
Turn   | Place    | Note
-------+----------+-------------------------------------------
     0 | Abyss:1  | Boiledbread the Demonspawn Abyssal Knight began the quest
                  | for the Orb.
     0 | Abyss:1  | Reached XP level 1. HP: 18/18 MP: 2/2
    23 | D:1      | Escaped the Abyss
   150 | D:1      | Gained mutation: You have large cloven feet. [demonic
                  | ancestry]
   150 | D:1      | Reached XP level 2. HP: 24/24 MP: 3/3
   162 | D:1      | Reached skill level 1 in Dodging
   382 | D:1      | Reached ** piety under Lugonu
   474 | D:1      | Reached XP level 3. HP: 20/29 MP: 4/4
   892 | D:2      | Noticed Sigmund
   893 | D:2      | Noticed Robin
  2175 | D:2      | Gained mutation: Your flesh is cold resistant. (rC+)
                  | [demonic ancestry]
  2175 | D:2      | Reached XP level 4. HP: 17/37 MP: 5/5
  2581 | D:2      | Reached *** piety under Lugonu
  2759 | D:2      | Killed Robin
  2894 | D:2      | Killed Sigmund
  2895 | D:2      | Reached skill level 4 in Fighting
  2895 | D:2      | Gained mutation: You are immune to rotting. [demonic
                  | ancestry]
  2895 | D:2      | Reached XP level 5. HP: 18/42 MP: 6/6
  2895 | D:2      | Gained mutation: You may emit foul miasma when damaged in
                  | melee. [demonic ancestry]
  2895 | D:2      | Reached XP level 6. HP: 21/48 MP: 7/7
  3096 | D:2      | Noticed Terence
  3115 | D:2      | Killed Terence
  3349 | D:2      | You fall into a shaft and drop 2 floors!
  3349 | D:4      | Noticed Menkaure
  3353 | D:4      | Found a transporter.
  3359 | D:4      | Slain by Menkaure

Illustrated notes

Levels and vault maps discovered:
D:1:      dpeg_arrival_ratfight, layout_loops_cross
D:2:      minmay_roachtagon, layout_loops_ring, uniq_robin, uniq_terence,
          uniq_sigmund
D:4:      gammafunk_wand_slinger, layout_basic,
          nicolae_ru_great_annihilating_truth, uniq_blork_the_orc, uniq_ijyb,
          uniq_menkaure, uniq_natasha

Skill      XL: |  1  2  3  4 |
---------------+-------------+-----
Short Blades   | 2 3 |  3.6
Dodging        | 1 2 |  2.6
Armour         | 2 |  2.9
Fighting       | 4 |  4.2
Stealth        | |  0.3
Invocations    | |  2.6

Action                   |  1- 3 |  4- 6 || total
-------------------------+-------+-------++-------
Melee: Short sword       |   147 |   123 ||   270
       Kick              |    16 |    30 ||    46
Throw: Stone             |       |     3 ||     3
  Use: Scroll            |     4 |     1 ||     5
       Potion            |     1 |       ||     1
Armor: Leather armour    |    39 |    23 ||    62
Dodge: Dodged            |   104 |    58 ||   162

Table legend: (Time is in decaauts)
 A = Elapsed time spent in this place.
 B = Non-inter-level travel time spent in this place.
 C = Inter-level travel time spent in this place.
 D = Time resting spent in this place.
 E = Time spent auto-exploring this place.
 F = Levels seen in this place.
 G = Mean time per level.
                   A        B        C        D        E       F      G
               +--------+--------+--------+--------+--------+-----+--------+
         Total |   3363 |   3287 |     76 |   1675 |   1030 |   4 |  840.8 |
       Dungeon |   3340 |   3264 |     76 |   1675 |   1030 |   3 | 1113.3 |
         Abyss |     23 |     23 |      0 |      0 |      0 |   1 |   23.0 |
               +--------+--------+--------+--------+--------+-----+--------+

Top non-repeatable levels by time:
     D:1: 2121 daAuts
     D:2: 1209 daAuts
 Abyss:1: 23 daAuts
     D:4: 9 daAuts
